 Dungeon Crawl Stone Soup version 0.26-a0-812-g31a745ddcd (webtiles) character file.

Game seed: 7707917122669670117

10770 Azzok the Severer (level 11, -2/112 HPs)
             Began as a Demonspawn Berserker on Nov 15, 2020.
             Was a High Priest of Trog.
             Slain by a slime creature (11 damage)
             ... on level 12 of the Dungeon.
             The game lasted 00:20:20 (14894 turns).

Azzok the Severer (Demonspawn Berserker)           Turns: 14894, Time: 00:20:21

Health: -2/112     AC: 13    Str: 20    XL:     11   Next: 40%
Magic:  11/11      EV:  7    Int:  9    God:    Trog [*****.]
Gold:   173        SH:  7    Dex: 13    Spells: 10/10 levels left

rFire    . . .     SeeInvis .   L - +3 broad axe (venom)
rCold    . . .     Faith    +   i - +0 kite shield
rNeg     . . .     Spirit   .   I - +0 plate armour
rPois    +         Reflect  .   (helmet restricted)
rElec    .         Harm     .   (no cloak)
rCorr    .         Rampage  .   (no gloves)
MR       .....                  (no boots)
Stlth    ..........             o - amulet of faith
HPRegen  0.28/turn              j - +4 ring of evasion
MPRegen  0.12/turn              G - ring of poison resistance

@: berserking, very quick
A: antennae 2, icy blue scales 2, powered by death 1
a: Berserk, Trog's Hand, Brothers in Arms, Renounce Religion


You were on level 12 of the Dungeon.
You worshipped Trog.
Trog was extremely pleased with you.
You visited 1 branch of the dungeon, and saw 12 of its levels.

You collected 741 gold pieces.
You spent 568 gold pieces at shops.

Inventory:

Hand Weapons
 w - a +2 flail of protection
 L - a +3 broad axe of venom (weapon)
Armour
 i - a +0 kite shield (worn)
 C - the +1 chain mail of the Devil's Team {MR+}
   (You bought it in a shop on level 6 of the Dungeon)

   It affects your resistance to hostile enchantments.
 I - a +0 plate armour (worn)
Jewellery
 h - an uncursed ring of ice
 j - a +4 ring of evasion (left hand)
 o - an amulet of faith (around neck)
 G - a ring of poison resistance (right hand)
 H - an uncursed ring of ice
Wands
 A - a wand of iceblast (12)
 D - a wand of flame (20)
Scrolls
 a - 2 scrolls of fog {unknown}
 d - a scroll of noise {unknown}
 e - 10 scrolls of remove curse
 g - a scroll of silence {unknown}
 l - 6 scrolls of teleportation
 p - 5 scrolls of enchant weapon {unknown}
 r - 3 scrolls of magic mapping {unknown}
 s - 2 scrolls of amnesia {unknown}
 t - 3 scrolls of enchant armour
 y - 5 scrolls of blinking
 B - 3 scrolls of fear
 F - 2 scrolls of summoning
Potions
 b - 3 potions of invisibility
 c - 2 potions of magic {unknown}
 f - a potion of cancellation
 k - 9 potions of curing
 m - a potion of might
 n - a potion of heal wounds
 u - 5 potions of flight
 v - 5 potions of lignification
 x - 2 potions of haste
 z - 2 potions of resistance
 E - a potion of ambrosia
 J - 3 potions of berserk rage


   Skills:
 - Level 3.0 Fighting
 + Level 15.8 Axes
 - Level 1.7 Armour
 - Level 1.7 Dodging


You had 10 spell levels left.
You didn't know any spells.
Your spell library was empty.

Dungeon Overview and Level Annotations

Branches:
Dungeon (12/15)            Temple (0/1) D:7
   Lair: D:8-11         Orc: D:9-12

Altars:
Dithmenos
Hepliaklqana
Kikubaaqudgha
Makhleb
Nemelex Xobeh
Ru
Sif Muna
Trog
Yredelemnul
Zin

Shops:
D:4 }   D:6 [   D:10 ?   D:12 (

Annotations:
D:7 2 runed translucent doors


Innate Abilities, Weirdness & Mutations

You have a pair of antennae on your head.
You are mostly covered in icy blue scales. (AC +3)
You regenerate a little health from kills.


Message History

You hit the slime creature.
The slime creature is severely wounded.
You slash the slime creature! x2; You hit the slime creature.
You slash the slime creature!
The slime creature looks as sick as possible!
The slime creature hits you! x2
* * * LOW HITPOINT WARNING * * *
You block the slime creature's attack. The slime creature hits you!
* * * LOW HITPOINT WARNING * * *
You completely miss the slime creature.
The slime creature is severely wounded.
You slash the slime creature!
Your plate armour prevents you from hitting the slime creature.
Your shield prevents you from hitting the slime creature.
You slash the slime creature!
The slime creature looks as sick as possible!
The slime creature hits you!
* * * LOW HITPOINT WARNING * * *
The slime creature hits you!
You die...

·········▒▒·▒ ▒········▒
<·^······╬··▒ ▒········▒
·········▒▒▒▒ ▒▒▒'▒▒▒▒▒▒
·········▒ ▒··▒▒
▒▒▒▒▒'▒▒▒▒ ▒▒··▒ ▒···▒
▒▒▒▒'▒▒▒▒ ▒▒▒'▒▒▒▒▒
▒········ ▒·······▒
▒▒▒▒JJ(····· ▒·······▒
▒▒▒··'@J·······▒
▒·······▒▒▒···▒▒JJ·······▒
▒·······'···▒▒▒▒?········▒
╬·······▒▒▒▒▒ ▒·········▒
▒·······▒ ▒········
▒·······▒ ▒▒▒▒▒▒▒▒▒
▒▒▒╬▒▒▒▒▒


You could see 5 slime creatures.

Vanquished Creatures
  A boulder beetle (D:11)
  2 hydras
  Fannar (D:12)
  A centaur warrior (D:10)
  An ugly thing (D:11)
  2 trolls
  Sigmund (D:5)
  2 wyverns
  A wraith (D:11)
  4 yaks
  2 water moccasins (D:7)
  Duvessa (D:6)
  2 eyes of draining
  A hornet zombie (D:12)
  An ice beast (D:12)
  5 ogres
  5 orc warriors
  3 centaurs
  4 bullfrogs
  A wyvern skeleton (D:11)
  Dowan (D:6)
  14 killer bees
  8 wights
  5 howler monkeys
  A centaur zombie (D:8)
  2 jellies
  9 orc priests
  4 orc wizards
  3 bullfrog skeletons
  2 centaur skeletons
  2 hounds (D:8)
  Jessica (D:2)
  Natasha (thrice) (D:3)
  4 iguanas
  11 worker ants
  A killer bee zombie (D:7)
  A hound zombie (D:7)
  3 gnolls (D:5)
  16 adders
  3 shadow imps
  A white imp (D:6)
  An ufetubus (D:6)
  2 oozes
  2 adder skeletons
  5 worms
  2 dart slugs
  6 leopard geckos
  35 orcs
  A ball python (D:1)
  13 bats
  4 giant cockroaches
  3 goblins
  7 hobgoblins
  2 jackals (D:6)
  5 quokkas
  4 frilled lizards
  A jackal skeleton (D:4)
  8 kobolds
  A leopard gecko skeleton (D:7)
  A leopard gecko zombie (D:5)
  7 rats
246 creatures vanquished.

Vanquished Creatures (collateral kills)
  A boulder beetle (D:11)
1 creature vanquished.

Grand Total: 247 creatures vanquished

Notes
Turn   | Place    | Note
-------+----------+-------------------------------------------
     0 | D:1      | Azzok the Demonspawn Berserker began the quest for the Orb.
     0 | D:1      | Reached XP level 1. HP: 18/18 MP: 1/1
    62 | D:1      | Reached skill level 3 in Axes
   472 | D:1      | Gained mutation: You regenerate a little health from kills.
                  | [demonic ancestry]
   472 | D:1      | Reached XP level 2. HP: 12/24 MP: 2/2
  1172 | D:2      | Gained mutation: You have a pair of small antennae on your
                  | head. [demonic ancestry]
  1172 | D:2      | Reached XP level 3. HP: 28/29 MP: 3/3
  1179 | D:2      | Reached ** piety under Trog
  1179 | D:2      | Reached skill level 4 in Axes
  1342 | D:2      | Reached XP level 4. HP: 16/35 MP: 4/4
  1540 | D:2      | Noticed Jessica
  1820 | D:2      | Killed Jessica
  1875 | D:2      | Reached skill level 5 in Axes
  2435 | D:2      | Found a sparkling altar of Nemelex Xobeh.
  2606 | D:2      | Gained mutation: You are partially covered in icy blue
                  | scales. (AC +2) [demonic ancestry]
  2606 | D:2      | Reached XP level 5. HP: 41/41 MP: 5/5
  2950 | D:3      | Noticed Natasha
  2956 | D:3      | Killed Natasha
  2980 | D:3      | Found a glowing silver altar of Zin.
  3119 | D:3      | Noticed Natasha
  3136 | D:3      | Killed Natasha
  3375 | D:3      | Noticed Natasha
  3378 | D:3      | Killed Natasha
  3378 | D:3      | Reached skill level 6 in Axes
  3517 | D:3      | Reached XP level 6. HP: 34/47 MP: 6/6
  3556 | D:3      | Found a basalt altar of Yredelemnul.
  3896 | D:4      | Found Juosta's Gadget Shop.
  3896 | D:4      | Found an ancient bone altar of Kikubaaqudgha.
  3937 | D:4      | Found a bloodstained altar of Trog.
  4490 | D:4      | Reached *** piety under Trog
  4808 | D:5      | Entered Level 5 of the Dungeon
  4855 | D:5      | Reached skill level 7 in Axes
  5272 | D:5      | Gained mutation: You have a pair of antennae on your head.
                  | [demonic ancestry]
  5272 | D:5      | Reached XP level 7. HP: 43/52 MP: 7/7
  5412 | D:5      | Noticed Sigmund
  5424 | D:5      | Killed Sigmund
  5552 | D:6      | Reached skill level 8 in Axes
  5885 | D:6      | Found Plog's Antique Armour Emporium.
  5894 | D:6      | Bought a fading chain mail for 218 gold pieces
  5894 | D:6      | Identified the +1 chain mail of the Devil's Team {MR+} (You
                  | bought it in a shop on level 6 of the Dungeon)
  5920 | D:6      | Found a shadowy altar of Dithmenos.
  6015 | D:6      | Noticed Dowan
  6042 | D:6      | Killed Dowan
  6072 | D:6      | Noticed Duvessa
  6202 | D:6      | Killed Duvessa
  6202 | D:6      | Reached skill level 9 in Axes
  6202 | D:6      | Reached XP level 8. HP: 58/58 MP: 8/8
  6464 | D:7      | Found a large runed translucent door.
  6464 | D:7      | Found a large runed translucent door.
  6756 | D:7      | Found a large runed translucent door.
  6756 | D:7      | Found a large runed translucent door.
  6970 | D:7      | Reached **** piety under Trog
  7054 | D:7      | Found a hazy altar of Hepliaklqana.
  7073 | D:7      | Reached skill level 10 in Axes
  7603 | D:7      | Reached skill level 11 in Axes
  7607 | D:7      | Reached XP level 9. HP: 27/63 MP: 9/9
  7841 | D:7      | Found a staircase to the Ecumenical Temple.
  8582 | D:8      | Reached skill level 12 in Axes
  8790 | D:8      | Found a burning altar of Makhleb.
  9285 | D:8      | Found a shimmering blue altar of Sif Muna.
  9384 | D:9      | Found a sacrificial altar of Ru.
  9411 | D:9      | Reached ***** piety under Trog
 10374 | D:10     | Entered Level 10 of the Dungeon
 10808 | D:10     | Noticed a centaur warrior
 10822 | D:10     | Killed a centaur warrior
 10822 | D:10     | Reached skill level 13 in Axes
 10822 | D:10     | Gained mutation: You are mostly covered in icy blue scales.
                  | (AC +3) [demonic ancestry]
 10822 | D:10     | Reached XP level 10. HP: 34/70 MP: 10/10
 11169 | D:10     | Found Heafap's Magic Scroll Shoppe.
 11172 | D:10     | Bought a scroll of random uselessness for 14 gold pieces
 11172 | D:10     | Bought a scroll of identify for 28 gold pieces
 11172 | D:10     | Bought a scroll of identify for 28 gold pieces
 11172 | D:10     | Bought a scroll of teleportation for 42 gold pieces
 11172 | D:10     | Bought a scroll of identify for 28 gold pieces
 12352 | D:11     | Reached skill level 14 in Axes
 12499 | D:11     | Noticed a purple ugly thing
 12508 | D:11     | Killed a purple ugly thing
 12642 | D:11     | Received a gift from Trog
 12650 | D:11     | Noticed a boulder beetle
 12773 | D:11     | Noticed a boulder beetle
 12789 | D:11     | Killed a boulder beetle
 12883 | D:11     | Killed a boulder beetle
 13205 | D:11     | Reached skill level 15 in Axes
 13211 | D:11     | Noticed a five-headed hydra
 13232 | D:11     | Killed a five-headed hydra
 13232 | D:11     | Reached XP level 11. HP: 39/75 MP: 4/11
 13885 | D:12     | Got a warped rapier
 13886 | D:12     | Identified the +2 rapier "Eviscerator" {flame, *Corrode
                  | +Fly rPois Int+4} (You found it on level 12 of the Dungeon)
 13894 | D:12     | Found Bowyil's Antique Weapon Emporium.
 14143 | D:12     | Bought a runed broad axe for 210 gold pieces
 14536 | D:12     | Noticed Fannar
 14553 | D:12     | Killed Fannar
 14616 | D:12     | Noticed a four-headed hydra
 14633 | D:12     | Killed a four-headed hydra
 14894 | D:12     | Slain by a slime creature

Illustrated notes

Levels and vault maps discovered:
D:1:      roderic_chinese_lattice_arrival, layout_basic
D:2:      layout_rooms, lemuel_round_altar, kennysheep_jessica_study
D:3:      layout_basic, lemuel_coloured_pillars_altar, zin_academy, uniq_natasha
D:4:      layout_basic, grunt_temple_overflow_open, serial_shops, shop
D:5:      layout_gridville, minmay_pentangle, uniq_sigmund
D:6:      layout_rooms, nicolae_overflow_crystal_walls, serial_shops, shop,
          uniq_duvessa
D:7:      layout_loops_ring, lemuel_round_altar, minmay_temple_entry_trees,
          minmay_hollow_rounded_squares
D:8:      layout_loops_cross, lemuel_round_altar, old_standard_altar
D:9:      layout_roguey, nicolae_overflow_hidden_temple,
          hangedman_decor_diamond_cutter, grunt_ministairs_4, glass_columns_a
D:10:     layout_grid_maze, serial_shops, kennysheep_mini_moat,
          minmay_misc_feat_roman, minmay_fractal_squares_gapless_5
D:11:     minmay_octagon_keep, layout_layer_cave, erik_lair_orcish_takeover,
          orc_0_dummy, roderic_batcave, palyth_stone_intersect,
          minmay_diced_spiral
D:12:     layout_roguey, serial_shops, shop, shop_statue, uniq_fannar

Skill      XL: |  1  2  3  4  5  6  7  8  9 10 |
---------------+-------------------------------+-----
Axes           | 3 4 5 6 7 9 11 13 15 | 15.8
Fighting       | |  3.0
Armour         | |  1.7
Dodging        | |  1.7

Action                   |  1- 3 |  4- 6 |  7- 9 | 10-12 || total
-------------------------+-------+-------+-------+-------++-------
Melee: Hand axe          |   118 |   120 |       |       ||   238
       War axe           |       |   120 |   402 |       ||   522
       Battleaxe         |       |       |    86 |   106 ||   192
       Executioner's axe |       |       |       |    57 ||    57
       Flail             |       |       |       |    62 ||    62
       Broad axe         |       |       |       |    45 ||    45
       Rapier            |       |       |       |    14 ||    14
Invok: Berserk           |       |     1 |     5 |     9 ||    15
       Trog's Hand       |       |       |     1 |     3 ||     4
       Brothers in Arms  |       |       |       |     1 ||     1
  Use: Scroll            |     2 |       |     9 |    10 ||    21
       Potion            |       |       |       |     3 ||     3
Armor: Animal skin       |     5 |       |       |       ||     5
       Chain mail        |    31 |    96 |   136 |       ||   263
       Plate armour      |       |       |    37 |   227 ||   264
Dodge: Dodged            |    40 |    38 |   180 |   171 ||   429
Block: Kite shield       |    38 |   143 |   166 |    16 ||   363
       Other             |     1 |       |       |       ||     1
       Reflection        |     2 |       |    10 |       ||    12

Table legend: (Time is in decaauts)
 A = Elapsed time spent in this place.
 B = Non-inter-level travel time spent in this place.
 C = Inter-level travel time spent in this place.
 D = Time resting spent in this place.
 E = Time spent auto-exploring this place.
 F = Levels seen in this place.
 G = Mean time per level.
                   A        B        C        D        E       F      G
               +--------+--------+--------+--------+--------+-----+--------+
         Total |  15138 |  14682 |    456 |   3079 |   9028 |  12 | 1261.5 |
       Dungeon |  15138 |  14682 |    456 |   3079 |   9028 |  12 | 1261.5 |
               +--------+--------+--------+--------+--------+-----+--------+

Top non-repeatable levels by time:
    D:10: 1922 daAuts
     D:7: 1786 daAuts
     D:1: 1549 daAuts
    D:12: 1372 daAuts
     D:8: 1311 daAuts
    D:11: 1310 daAuts
     D:3: 1219 daAuts
     D:2: 1186 daAuts
     D:9: 996 daAuts
     D:4: 934 daAuts
     D:5: 913 daAuts
     D:6: 636 daAuts
